 Dungeon Crawl Stone Soup version 0.21.1 (webtiles) character file.

66766 Miyamura the Grappler (level 15, 0/108 HPs)
             Began as an Octopode Transmuter on Feb 2, 2018.
             Was a High Priest of Ashenzari.
             Slain by an ogre mage
             ... wielding a +0 spear of piercing
              (1 damage)
             ... on level 2 of the Orcish Mines.
             The game lasted 01:18:25 (38286 turns).

Miyamura the Grappler (Octopode Transmuter)        Turns: 38286, Time: 01:18:26

Health: 0/108      AC:  7    Str: 14    XL:     15   Next: 20%
Magic:  39/39      EV: 27    Int: 24    God:    Ashenzari [*****.]
Gold:   1564       SH: 12    Dex: 17    Spells: 19/36 levels left

rFire    . . .     SeeInvis +     - Unarmed
rCold    + . .     Gourm    .   G - +2 shield
rNeg     . . .     Faith    .   y - +1 hat {Int+3} (curse)
rPois    +         Spirit   .   (no amulet)
rElec    +         Reflect  .   o - ring of protection from cold (curse)
rCorr    .         Harm     .   q - +5 ring of protection (curse)
MR       +....     Clarity  +   x - ring of see invisible (curse)
Stlth    ++++++....             B - +4 ring of evasion (curse)
HPRegen  0.28/turn              v - ring of poison resistance (curse)
MPRegen  0.26/turn              L - ring "Naeffeq" {*Slow +Blink rElec Int+4 Stlth+} (curse)
                                p - +4 ring of dexterity (curse)
                                S - ring of magical power (curse)

@: no status effects
A: almost no armour, stealthy swim, amphibious, 8 rings, constrict 8, camouflage
1, clarity, mutation resistance 1, gelatinous body 1, subdued magic 1
a: Curse Item, Scrying, Transfer Knowledge, Renounce Religion, Evoke Blink


You were on level 2 of the Orcish Mines.
You worshipped Ashenzari.
Ashenzari was extremely pleased with you.
You were hungry.

You visited 4 branches of the dungeon, and saw 21 of its levels.
You also visited: Labyrinth.

You collected 2236 gold pieces.
You spent 672 gold pieces at shops.

Inventory:

Hand Weapons
 k - a +2 scimitar of flaming
 t - a +2 demon blade of draining
Missiles
 a - 379 arrows
Armour
 y - a cursed +1 hat of intelligence (worn)
 G - a +2 shield (worn)
Magical Staves
 I - an uncursed staff of summoning
 M - an uncursed staff of earth
 O - an uncursed staff of earth
Jewellery
 o - a cursed ring of protection from cold (left tentacle)
 p - a cursed +4 ring of dexterity (on tentacle)
 q - a cursed +5 ring of protection (right tentacle)
 r - an uncursed amulet of guardian spirit
 v - a cursed ring of poison resistance (on tentacle)
 x - a cursed ring of see invisible (on tentacle)
 B - a cursed +4 ring of evasion (on tentacle)
 L - the cursed ring "Naeffeq" (on tentacle) {*Slow +Blink rElec Int+4 Stlth+}
   (You found it in a labyrinth)

   [ring of stealth]

   It affects your intelligence (+4).
   It insulates you from electricity.
   It lets you blink.
   It may slow you when you take damage.
   It makes you more stealthy.
   It has a curse placed upon it.
 S - a cursed ring of magical power (on tentacle)
Wands
 j - a wand of enslavement (17)
 A - a wand of disintegration (26)
 C - a wand of flame (108)
 D - a wand of iceblast (3)
 F - a wand of acid (12)
Scrolls
 d - 2 scrolls of remove curse
 h - 3 scrolls of fog
 n - 4 scrolls of immolation
 u - 3 scrolls of amnesia
 z - 9 scrolls of identify
 J - a scroll of brand weapon
 U - 2 scrolls of enchant weapon
Potions
 e - a potion of heal wounds
 f - a potion of might
 i - 2 potions of brilliance
 l - a potion of mutation
 m - 3 potions of flight
 H - a potion of ambrosia
 K - 6 potions of curing
 T - a potion of agility
 V - a potion of lignification
 W - a potion of resistance
Books
 b - a book of Maledictions

   Spells                             Type                      Level
   a - Corona                         Hexes                        1
   b - Ensorcelled Hibernation        Hexes/Ice                    2
   c - Confuse                        Hexes                        3
   d - Tukima's Dance                 Hexes                        3
   e - Dazzling Spray                 Conjuration/Hexes            3
 s - a book of Changes

   Spells                             Type                      Level
   a - Beastly Appendage              Transmutation                1
   b - Sticks to Snakes               Transmutation                2
   c - Spider Form                    Transmutation/Poison         3
   d - Ice Form                       Ice/Transmutation            4
   e - Blade Hands                    Transmutation                5
 w - a book of Misfortune

   Spells                             Type                      Level
   a - Confusing Touch                Hexes                        1
   b - Confuse                        Hexes                        3
   c - Gell's Gravitas                Translocation                3
   d - Petrify                        Transmutation/Earth          4
   e - Metabolic Englaciation         Hexes/Ice                    5
   f - Yara's Violent Unravelling     Hexes/Transmutation          5
 E - a book of Unlife

   Spells                             Type                      Level
   a - Recall                         Summoning/Translocation      3
   b - Animate Dead                   Necromancy                   4
   c - Borgnjor's Vile Clutch         Necromancy/Earth             5
   d - Death Channel                  Necromancy                   6
   e - Simulacrum                     Ice/Necromancy               6
 N - the Reference Book on Feathery Good Luck
   (You found it in a labyrinth)

   Spells                             Type                      Level
   a - Shock                          Conjuration/Air              1
   b - Airstrike                      Air                          4
   c - Ring of Flames                 Charms/Fire                  7
 P - a Young Poisoner's Handbook

   Spells                             Type                      Level
   a - Sting                          Conjuration/Poison           1
   b - Poisonous Vapours              Poison/Air                   2
   c - Mephitic Cloud                 Conjuration/Poison/Air       3
   d - Olgreb's Toxic Radiance        Poison                       4
   e - Venom Bolt                     Conjuration/Poison           5
 Q - a book of Minor Magic

   Spells                             Type                      Level
   a - Magic Dart                     Conjuration                  1
   b - Blink                          Translocation                2
   c - Call Imp                       Summoning                    2
   d - Slow                           Hexes                        2
   e - Conjure Flame                  Conjuration/Fire             3
   f - Mephitic Cloud                 Conjuration/Poison/Air       3
Comestibles
 c - 15 rations
 R - 3 chunks of flesh


   Skills:
 + Level 11.7 Fighting
 + Level 11.8(15.5) Dodging
 - Level 4.8(8.7) Stealth
 + Level 7.4 Shields
 + Level 12.0 Unarmed Combat
 + Level 11.0 Spellcasting
 - Level 9.4(12.0) Transmutations
 + Level 4.0(6.5) Ice Magic


You had 19 spell levels left.
You knew the following spells:

 Your Spells              Type           Power        Failure   Level  Hunger
a - Beastly Appendage     Tmut           ######       1%          1    None
b - Blink                 Tloc           N/A          13%         2    None
i - Ice Form              Ice/Tmut       #####...     1%          4    None
t - Sticks to Snakes      Tmut           ######..     1%          2    None
v - Borgnjor's Vile Clut  Necr/Erth      ##........   95%         5    ####...
S - Spider Form           Tmut/Pois      ####......   2%          3    None


Dungeon Overview and Level Annotations

Branches:
Dungeon (13/15)            Temple (1/1) D:5            Lair (5/6) D:8
 Shoals (0/4) Lair:3       Spider (0/4) Lair:4          Orc (2/2) D:11
    Elf (0/3) Orc:2
  Slime: Lair:5-6    Vaults: D:13-14

Altars:
Ashenzari
Cheibriados
Dithmenos
Elyvilon
Fedhas
Gozag
Hepliaklqana
Kikubaaqudgha
Makhleb
Nemelex Xobeh
Okawaru
Qazlal
Ru
Sif Muna
Trog
Uskayaw
Vehumet
Wu Jian
Xom
Yredelemnul
Zin
The Shining One
Beogh

Shops:
D:4 (   D:5 [   D:6 :   D:7 ?   D:10 }

Annotations:
D:5 Andry07's ghost, novice GrFi
D:10 Zhenya24pyc's ghost, journeyman GrFi


Innate Abilities, Weirdness & Mutations

You cannot wear most types of armour.
You are very stealthy in the water. (Stealth+)
You are amphibious.
You can wear up to eight rings at the same time.
You can use your tentacles to constrict eight enemies at once.
Your skin changes colour to match your surroundings (Stealth+).
Your rubbery body absorbs attacks. (AC +1, EV +1)
You possess an exceptional clarity of mind.
You are somewhat resistant to further mutation.
Your spells are a little easier to cast, but a little less powerful.


Message History

Found 18 gold pieces.
An ogre comes into view. It is wielding a giant club.
The ogre mage shouts!
You hear a shout!
The ogre mage closely misses you.
An ogre comes into view. It is wielding a giant spiked club.
An ogre comes into view. It is wielding a giant club.
The ogre mage barely misses you. You block the ogre's attack.
The cyclops throws a large rock.
The large rock hits you!! The two-headed ogre misses you.
You block the two-headed ogre's attack.
The orc wizard casts a cantrip, but nothing happens.
You see here a large rock.
The ogre completely misses you. The ogre misses you.
The cyclops throws a large rock.
The large rock completely misses you.
You see here a large rock.
The orc wizard casts a spell at you. The puff of flame hits you!
The ogre hits you but does no damage.
The ogre mage hits you from afar with a spear of piercing.
You die...

............$.......##...S##
...................##....{##
...................###.#S..#
.#.$.......O(.......##.##.##
.......................{SS)##
.............O.O.#........))##
$.............O.O##.....)))).#
............OOOOo.##.{......##
..............##@#.#......###
.....$.......####...#....##
.#...........#**∆...###.##
.#.........{...*,...# ##*
...............,,..##***
......#.....#..,,..#,*,**
.............,,,,...,,,,**
..$..........,,,,..#,*,,,*
.#...........,*,,,,,***,**


You could see a two-headed ogre, an ogre mage, 7 ogres and an orc wizard.

Vanquished Creatures
  Rupert (Lair:4)
  Gastronok (D:8)
  A sphinx (D:13)
  A minotaur (Lab)
  4 hydras
  Harold (Lair:2)
  A catoblepas (Lair:5)
  Erica (D:8)
  5 two-headed ogres
  11 death yaks
  An ogre mage (Orc:2)
  Sonja (Lair:1)
  Nergalle (D:12)
  An unseen horror (D:11)
  Pikel (D:5)
  An orc knight (D:11)
  The ghost of Santangelo the Poker, a novice HuCK of Xom (D:6)
  2 ugly things
  An orc sorcerer (Orc:1)
  2 cyclopes
  11 elephants
  2 black mambas
  Maurice (D:8)
  A centaur skeleton (D:13)
  A kobold demonologist (D:13)
  6 spiny frogs
  4 rime drakes (Lair:2)
  7 komodo dragons
  A yaktaur (D:13)
  4 jumping spiders (Lair:4)
  Grinder (D:6)
  7 trolls
  6 hippogriffs
  5 blink frogs (Lair:4)
  4 dream sheep (Lair:4)
  A hornet (D:9)
  7 slime creatures (D:12)
  Sigmund (D:3)
  A wyvern (Lair:5)
  3 redbacks (Lair:4)
  42 yaks
  A water elemental (D:13)
  4 shadows
  Grum (D:10)
  2 hogs (D:11)
  A hungry ghost (D:8)
  12 steam dragons (Lair:2)
  A vampire mosquito (D:12)
  A warg (Orc:2)
  An acid dragon (Lair:2)
  A soldier ant (D:12)
  8 water moccasins
  7 porcupines
  2 hell hounds (Lair:1)
  13 orc warriors
  3 sky beasts
  Duvessa (D:4)
  2 ice beasts
  A hornet zombie (D:10)
  A black bear (Lair:4)
  2 eyes of draining
  13 centaurs
  4 wolves (D:10)
  10 ogres
  6 big kobolds
  9 crocodiles
  14 bullfrogs
  3 gnoll sergeants
  A scorpion (D:9)
  10 killer bees
  A troll skeleton (Lab)
  8 wights
  A spriggan skeleton (Lab)
  5 howler monkeys
  8 electric eels
  2 crimson imps (D:11)
  A bullfrog zombie (D:7)
  2 centaur zombies
  15 orc priests
  7 hounds
  4 jellies
  3 bullfrog skeletons
  Crazy Yiuf (D:3)
  3 iguanas
  7 worker ants
  15 orc wizards
  2 hound skeletons
  Robin (D:2)
  A worker ant zombie (D:5)
  10 gnolls
  A howler monkey skeleton (D:8)
  4 adders
  2 shadow imps (D:6)
  3 oozes
  2 adder skeletons (D:7)
  A worm (D:2)
  5 leopard geckos
  61 orcs
  5 giant cockroaches
  14 goblins
  9 hobgoblins
  23 jackals
  29 kobolds
  5 quokkas
  9 bats
  4 frilled lizards
  A jackal skeleton (D:4)
  A leopard gecko skeleton (D:8)
  2 rats
568 creatures vanquished.

Vanquished Creatures (collateral kills)
  Kirke (D:11)
  4 two-headed ogres (Orc:2)
  A deep elf mage (D:12)
  2 efreet (D:13)
  A troll (Orc:1)
  2 slime creatures (D:12)
  Menkaure (D:6)
  3 orc warriors (D:11)
  3 ogres
  Dowan (D:4)
  An orc wizard (D:4)
  An iguana (D:13)
  An adder (D:3)
  A leopard gecko (D:2)
  6 orcs
  A bat (D:2)
  A giant cockroach (D:2)
  A goblin (D:1)
  A jackal (D:2)
33 creatures vanquished.

Vanquished Creatures (others)
  3 humans (D:12)
  3 slaves (D:6)
  A black bear (D:6)
  A sky beast (D:12)
  A bullfrog (D:6)
  A scorpion (D:5)
  A jelly (D:13)
  An orc wizard (D:5)
  A bullfrog skeleton (D:6)
  An iguana (D:5)
  8 orcs
  2 jackals
  A kobold (D:12)
  A jackal zombie (D:5)
  14 fungi
  9 plants
49 creatures vanquished.

Grand Total: 650 creatures vanquished

Notes
Turn   | Place    | Note
-------+----------+-------------------------------------------
     0 | D:1      | Miyamura the Octopode Transmuter began the quest for the Orb.
     0 | D:1      | Reached XP level 1. HP: 13/13 MP: 3/3
   567 | D:1      | Reached XP level 2. HP: 18/18 MP: 5/5
   585 | D:1      | Reached skill level 1 in Stealth
   603 | D:1      | Learned a level 2 spell: Sticks to Snakes
   966 | D:1      | Reached XP level 3. HP: 18/23 MP: 6/6
  1849 | D:2      | Noticed Robin
  2326 | D:2      | Reached XP level 4. HP: 24/29 MP: 5/7
  2342 | D:2      | Killed Robin
  2896 | D:2      | Learned a level 3 spell: Spider Form
  3225 | D:3      | Found a runed door.
  3331 | D:3      | Reached XP level 5. HP: 19/34 MP: 8/8
  3624 | D:3      | Noticed Sigmund
  3635 | D:3      | Killed Sigmund
  3736 | D:3      | Found a hazy altar of Hepliaklqana.
  3736 | D:3      | Found a bloodstained altar of Trog.
  4330 | D:3      | Noticed Crazy Yiuf
  4355 | D:3      | Killed Crazy Yiuf
  4355 | D:3      | Reached XP level 6. HP: 41/41 MP: 0/10
  4479 | D:4      | Noticed Duvessa
  4486 | D:4      | Noticed Dowan
  4774 | D:4      | Found Gaotarel's Antique Weapon Shoppe.
  5075 | D:4      | Reached skill level 4 in Unarmed Combat
  5471 | D:4      | Reached XP level 7. HP: 20/45 MP: 5/11
  5881 | D:4      | Found a stormy altar of Qazlal.
  5893 | D:4      | Killed Duvessa
  5896 | D:4      | Killed Dowan
  6465 | D:4      | Found a hide-covered altar of Uskayaw.
  6705 | D:4      | Gained mutation: You possess an exceptional clarity of mind. [potion of mutation]
  6705 | D:4      | Gained mutation: You are frail. (-10% HP) [potion of mutation]
  6705 | D:4      | Gained mutation: You can translocate small distances at will. [potion of mutation]
  6705 | D:4      | Gained mutation: You are somewhat resistant to further mutation. [potion of mutation]
  6726 | D:5      | Entered Level 5 of the Dungeon
  6828 | D:5      | Found Orhawn's Armour Emporium.
  6940 | D:5      | Noticed Andry07's ghost (novice GrFi)
  7470 | D:5      | Learned a level 4 spell: Ice Form
  7563 | D:5      | Found a staircase to the Ecumenical Temple.
  7572 | Temple   | Entered the Ecumenical Temple
  7687 | Temple   | Became a worshipper of Ashenzari the Shackled
  7738 | D:5      | Reached XP level 8. HP: 19/46 MP: 11/13
  8661 | D:5      | Found a shimmering altar of Xom.
  8906 | D:6      | Noticed Pikel
  8910 | D:6      | Noticed Menkaure
  8924 | D:5      | Killed Pikel
  8924 | D:5      | Reached skill level 5 in Unarmed Combat
  9142 | D:6      | Noticed Santangelo's ghost (novice HuCK)
  9380 | D:6      | Killed Menkaure
  9572 | D:6      | Found Eriujor's Book Emporium.
  9684 | D:6      | Reached XP level 9. HP: 39/53 MP: 15/15
  9837 | D:6      | Noticed Grinder
  9858 | D:6      | Paralysed by Grinder for 4 turns
  9863 | D:6      | Killed Grinder
  9863 | D:6      | Reached skill level 5 in Dodging
  9872 | D:6      | Lost mutation: You are frail. (-10% HP) [potion of mutation]
  9872 | D:6      | Lost mutation: You can translocate small distances at will. [potion of mutation]
  9872 | D:6      | Lost mutation: You possess an exceptional clarity of mind. [potion of mutation]
  9872 | D:6      | Gained mutation: Your spells are a little easier to cast, but a little less powerful. [potion of mutation]
  9872 | D:6      | Gained mutation: You possess an exceptional clarity of mind. [potion of mutation]
  9991 | D:6      | Reached skill level 5 in Transmutations
 10013 | D:6      | Killed Santangelo's ghost
 10013 | D:6      | Reached skill level 5 in Spellcasting
 10261 | D:7      | Found a glowing silver altar of Zin.
 10378 | D:7      | Found Zaoker's Magic Scroll Shop.
 10383 | D:7      | Bought a scroll of remove curse for 48 gold pieces
 10827 | D:7      | Reached skill level 5 in Fighting
 10827 | D:7      | Reached skill level 6 in Unarmed Combat
 11079 | D:7      | Found a sparkling altar of Nemelex Xobeh.
 12265 | D:7      | Found a shadowy altar of Dithmenos.
 13265 | D:8      | Noticed Erica
 13291 | D:7      | Reached XP level 10. HP: 59/66 MP: 16/18
 13357 | D:8      | Found a sparkling altar of Nemelex Xobeh.
 13359 | D:8      | Found a staircase to the Lair.
 13723 | D:8      | Found a burning altar of Makhleb.
 13723 | D:8      | Noticed Maurice
 13772 | D:8      | Noticed Gastronok
 13783 | D:8      | Killed Maurice
 14001 | D:8      | Killed Gastronok
 14001 | D:8      | Reached skill level 7 in Unarmed Combat
 14152 | D:8      | Killed Erica
 14455 | D:8      | Found a snail-covered altar of Cheibriados.
 14462 | D:8      | Found a blossoming altar of Fedhas.
 14475 | D:8      | Found an ornate altar of the Wu Jian Council.
 14498 | D:8      | Reached XP level 11. HP: 52/74 MP: 16/20
 14754 | D:8      | Found an opulent altar of Gozag.
 14754 | D:8      | Found a glowing golden altar of the Shining One.
 14779 | D:8      | Found a white marble altar of Elyvilon.
 15143 | D:9      | Reached * piety under Ashenzari
 15475 | D:9      | Noticed a two-headed ogre
 15502 | D:9      | Killed a two-headed ogre
 15652 | D:9      | Reached skill level 8 in Unarmed Combat
 16586 | D:10     | Entered Level 10 of the Dungeon
 16813 | D:10     | Noticed Zhenya24pyc's ghost (journeyman GrFi)
 17211 | D:10     | Noticed Grum
 17229 | D:10     | Killed Grum
 17752 | D:10     | Found Diciz's Gadget Shop.
 17758 | D:10     | Bought a wand of acid (7) for 352 gold pieces
 17758 | D:10     | Bought a wand of disintegration (13) for 272 gold pieces
 18178 | Lair:1   | Entered Level 1 of the Lair of Beasts
 18208 | Lair:1   | Reached ** piety under Ashenzari
 18278 | Lair:1   | Noticed Sonja
 18518 | Lair:1   | Killed Sonja
 19329 | Lair:1   | Reached XP level 12. HP: 82/82 MP: 20/23
 19985 | Lair:2   | Noticed Harold
 20054 | Lair:2   | Killed Harold
 20054 | Lair:2   | Reached skill level 9 in Unarmed Combat
 20904 | Lair:2   | Noticed a six-headed hydra
 21176 | Lair:2   | Killed a six-headed hydra
 22466 | Lair:1   | Learned a level 5 spell: Borgnjor's Vile Clutch
 22867 | Lair:3   | Noticed a four-headed hydra
 22876 | Lair:3   | Killed a four-headed hydra
 22928 | Lair:3   | Found a labyrinth entrance.
 22952 | Lab      | Entered a labyrinth
 23173 | Lab      | Reached *** piety under Ashenzari
 23337 | Lab      | Noticed a minotaur
 23358 | Lab      | Killed a minotaur
 23589 | Lab      | Identified the ring "Naeffeq" {*Slow +Blink rElec Int+4 Stlth+}
 23595 | Lab      | Identified the Reference Book on Feathery Good Luck
 23613 | Lab      | Learned a level 2 spell: Blink
 23707 | Lair:3   | Found a staircase to the Shoals.
 23934 | Lair:3   | Reached skill level 1 in Shields
 23934 | Lair:3   | Reached XP level 13. HP: 71/90 MP: 23/25
 24089 | Lair:3   | Reached skill level 10 in Unarmed Combat
 25055 | Lair:4   | Reached **** piety under Ashenzari
 25671 | Lair:4   | Reached skill level 10 in Dodging
 25819 | Lair:4   | Found a hole to the Spider Nest.
 25883 | Lair:4   | Noticed Rupert
 26430 | Lair:4   | Killed Rupert
 26430 | Lair:4   | Reached skill level 10 in Fighting
 28900 | Lair:5   | Reached XP level 14. HP: 84/99 MP: 27/27
 28906 | Lair:5   | Reached skill level 10 in Spellcasting
 28911 | Lair:5   | Reached skill level 5 in Shields
 28914 | Lair:5   | Reached skill level 11 in Unarmed Combat
 31182 | D:11     | Reached ***** piety under Ashenzari
 31473 | D:11     | Found a staircase to the Orcish Mines.
 32039 | D:11     | Identified the cursed +2 quarterstaff of Regicide {flame, rPois rC+} (You found it on level 11 of the Dungeon)
 32261 | D:12     | Noticed Kirke
 32301 | D:11     | Noticed a sphinx
 32306 | D:11     | Killed Kirke
 35171 | D:12     | Noticed Nergalle
 35178 | D:12     | Killed Nergalle
 35371 | D:12     | Identified a scroll of acquirement
 35962 | D:13     | Noticed a sphinx
 35969 | D:13     | Killed a sphinx
 36114 | D:13     | Reached XP level 15. HP: 107/107 MP: 29/29
 36676 | Orc:1    | Entered Level 1 of the Orcish Mines
 37461 | Orc:1    | Found a roughly hewn altar of Beogh.
 37538 | Orc:2    | Entered Level 2 of the Orcish Mines
 37564 | Orc:2    | Paralysed by an orc sorcerer for 5 turns
 37706 | Orc:2    | Reached skill level 12 in Unarmed Combat
 38264 | Orc:2    | Paralysed by an orc sorcerer for 3 turns
 38286 | Orc:2    | HP: 1/108 [ogre mage/spear of piercing (6)]
 38286 | Orc:2    | Slain by an ogre mage

Skill      XL: |  1  2  3  4  5  6  7  8  9 10 11 12 13 14 15 |
---------------+----------------------------------------------+-----
Stealth        | 1 2 3 4 |  4.8
Fighting       | 2 3 4 5 6 8 9 10 11 | 11.7
Transmutations | 3 4 5 7 8 9 |  9.4
Dodging        | 3 4 5 7 8 9 10 11 | 11.8
Spellcasting   | 3 4 5 6 7 8 9 10 11 | 11.0
Unarmed Combat | 4 5 6 7 8 9 10 11 12 | 12.0
Ice Magic      | 2 4 |  4.0
Shields        | 1 4 7 |  7.4

Action                   |  1- 3 |  4- 6 |  7- 9 | 10-12 | 13-15 || total
-------------------------+-------+-------+-------+-------+-------++-------
Melee: Unarmed           |    66 |    92 |   178 |   444 |   894 ||  1674
       Constrict         |    21 |    41 |    32 |    14 |    17 ||   125
       Tentacles         |    15 |    26 |    40 |    27 |    28 ||   136
       Kick              |     4 |     8 |       |       |       ||    12
       Dagger            |     3 |    43 |   118 |   123 |    63 ||   350
       Punch             |       |     5 |     2 |    10 |    15 ||    32
 Cast: Beastly Appendage |     6 |     7 |     1 |       |     1 ||    15
       Sticks to Snakes  |     9 |    23 |    23 |    16 |    52 ||   123
       Spider Form       |       |       |    28 |    28 |     9 ||    65
       Ice Form          |       |       |     2 |    34 |    69 ||   105
       Blink             |       |       |       |     2 |    14 ||    16
Invok: Curse Item        |       |       |     3 |     4 |     2 ||     9
 Abil: End Transformatio |       |       |       |     3 |     5 ||     8
Evoke: Wand              |       |       |       |    24 |     1 ||    25
  Use: Scroll            |       |    10 |     3 |    11 |    14 ||    38
       Potion            |       |     2 |     2 |    10 |     5 ||    19
 Stab: Sleeping          |     5 |     8 |     9 |     6 |    14 ||    42
       Distracted        |       |       |     1 |       |     8 ||     9
  Eat: Chunk             |     5 |    10 |    14 |    23 |    35 ||    87
       Ration            |       |       |     4 |     5 |     4 ||    13
Armor: Skin              |    10 |    14 |    31 |    81 |   123 ||   259
Dodge: Dodged            |    54 |    90 |   192 |   517 |   916 ||  1769
Block: Shield            |       |       |       |       |   103 ||   103
